 Dungeon Crawl Stone Soup version 0.30.1-3-gfc49f6343a (webtiles) character file.

Game seed: 15877076831502230063

348 KyoPewz the Cudgeller (level 6, -5/59 HPs)
             Began as an Ogre Gladiator on Aug 3, 2023.
             Was a Priest of Jiyva.
             Slain by Pikel
             ... wielding a +0 whip of electrocution
              (8 damage)
             ... on level 4 of the Dungeon.
             The game lasted 00:06:08 (3261 turns).

KyoPewz the Cudgeller (Ogre Gladiator)              Turns: 3261, Time: 00:06:09

Health: -5/59      AC:  3    Str: 21    XL:     6   Next: 60%
Magic:  6/6        EV: 10    Int: 15    God:    Jiyva [***...]
Gold:   131        SH:  0    Dex: 10    Spells: 5/5 levels left

rFire   . . .        o - +2 short sword (venom)
rCold   . . .        (no shield)
rNeg    . . .        b - +0 robe
rPois   .            c - +0 hat
rElec   .            (no cloak)
rCorr   +            (gloves unavailable)
SInv    .            (boots unavailable)
Will    .....        (no amulet)
Stlth   +            W - ring of wizardry
HPRegen 1.41/turn    m - +6 ring of intelligence
MPRegen 0.45/turn

%: wizardry (x1)
@: no status effects
A: large, unfitting armour, tough skin 1
a: Renounce Religion, Oozemancy


You were on level 4 of the Dungeon.
You worshipped Jiyva.
Jiyva was most pleased with you.
You visited 1 branch of the dungeon, and saw 4 of its levels.

You collected 131 gold pieces.

Inventory:

Hand Weapons
 a - a +0 flail
 o - a +2 short sword of venom (weapon)
Missiles
 d - 4 throwing nets (quivered)
 e - a large rock
 f - 57 stones
 k - 2 poisoned darts
Armour
 b - a +0 robe (worn)
 c - a +0 hat (worn)
Jewellery
 m - a +6 ring of intelligence (right hand)
 W - a ring of wizardry (left hand)
Wands
 r - a wand of iceblast (8)
Scrolls
 g - 2 scrolls of identify {unknown}
 j - a scroll of amnesia {unknown}
 n - 2 scrolls of enchant weapon {unknown}
 p - a scroll of fog {unknown}
 q - a scroll of vulnerability {unknown}
 s - 4 scrolls of teleportation {unknown}
Potions
 h - a potion of mutation {unknown}
 i - 3 potions of attraction {unknown}
 l - 2 potions of resistance {unknown}
 t - a potion of brilliance {unknown}


   Skills:
 - Level 2.6 Fighting
 + Level 6.6 Maces & Flails
 - Level 2.0 Throwing
 - Level 2.6 Dodging


You had 5 spell levels left.
You didn't know any spells.
Your spell library contained the following spells:

 Spells                   Type           Power      Damage    Failure   Level
 Apportation              Tloc           0%         N/A       11%         1
 Necrotise                Necr           0%         1d4       11%         1
 Summon Small Mammal      Summ           0%         N/A       11%         1
 Lesser Beckoning         Tloc           0%         N/A       16%         2
 Gell's Gravitas          Tloc           0%         N/A       32%         3
 Teleport Other           Tloc           0%         N/A       32%         3


Dungeon Overview and Level Annotations

Branches:
Dungeon (4/15)
 Temple: D:4-7

Altars:
Ashenzari
Gozag
Jiyva

Shops:
D:2 (

Annotations:
D:4 3 runed translucent doors, Pikel


Innate Abilities, Weirdness & Mutations

You are too large for most types of armour.
You have tough skin. (AC +1)


Message History

Pikel barely misses you.
You regained 2 hp, and now have 27/59 hp.
You closely miss Pikel.
Pikel is lightly wounded.
Pikel closely misses you.
Pikel says, "You'll make a fine lemure."
You regained 2 hp, and now have 31/59 hp.
Pikel attacks as you move away! Pikel barely misses you.
You regained 2 hp, and now have 34/59 hp.
Pikel attacks as you move away! Pikel barely misses you.
You regained 2 hp, and now have 38/59 hp.
Pikel attacks as you move away!
Pikel hits you with a +0 whip of electrocution.
You take 1 damage, and have 37/59 hp.
Pikel attacks as you move away!
Pikel hits you with a +0 whip of electrocution!
Items here: ))) ††.
You take 7 damage, and have 30/59 hp.
You hit Pikel but do no damage.
Pikel looks as sick as possible!
Pikel is heavily wounded.
Pikel hits you with a +0 whip of electrocution.
You barely miss Pikel.
Pikel is heavily wounded.
Pikel hits you with a +0 whip of electrocution.
You take 5 damage, and have 28/59 hp.
You hit Pikel.
Pikel looks as sick as possible!
Pikel is heavily wounded.
Pikel says, "You'll make a fine lemure."
Pikel hits you with a +0 whip of electrocution.
You are electrocuted!
* * * LOW HITPOINT WARNING * * *
You take 18 damage, and have 10/59 hp.
MASSIVE DAMAGE!!
You barely miss Pikel.
Pikel is severely wounded.
Pikel hits you with a +0 whip of electrocution!
* * * LOW HITPOINT WARNING * * *
You take 7 damage, and have 3/59 hp.
Pikel attacks as you move away!
Pikel hits you with a +0 whip of electrocution!
You die...

#....#..# ...
#....##..####...>.
...###............
.###......##.....>
#...##..## .....
#..... ...###..##
.... ......
.###....# ...
#..... #..##.# ..
.... #.###@# . ...
#.# #K# .## ###.#
#5# .##.#### #...#
#5# ###....###.###
#5# # ###.#...#
#5# ####.....###
#.# ..##.#.### #.#
#....#.# #.#


You could see Pikel (extremely poisoned) and 4 lemures.

Vanquished Creatures
  A phantom (D:3)
  An iguana (D:3)
  Terence (D:3)
  11 gnolls
  2 adders
  2 worms (D:2)
  3 dart slugs
  4 orcs (D:4)
  3 bats
  5 endoplasms
  A giant cockroach (D:3)
  4 goblins
  6 hobgoblins
  9 jackals
  A quokka (D:4)
  6 ball pythons
  4 frilled lizards (D:1)
  9 kobolds
  4 rats
77 creatures vanquished.

Vanquished Creatures (others)
  An orc wizard (D:4)
  2 adders (D:4)
  2 orcs (D:4)
  An endoplasm (D:4)
  A goblin (D:3)
  A hobgoblin (D:4)
  A kobold (D:4)
9 creatures vanquished.

Grand Total: 86 creatures vanquished

Notes
Turn   | Place    | Note
-------+----------+-------------------------------------------
     0 | D:1      | KyoPewz the Ogre Gladiator began the quest for the Orb.
     0 | D:1      | Reached XP level 1. HP: 22/22 MP: 1/1
    76 | D:1      | Reached skill level 3 in Maces & Flails
   117 | D:1      | Reached XP level 2. HP: 29/29 MP: 2/2
   413 | D:1      | Reached XP level 3. HP: 12/36 MP: 3/3
  1175 | D:2      | Reached skill level 4 in Maces & Flails
  1611 | D:2      | Found a broken altar of Ashenzari.
  1633 | D:2      | Found a faded altar of an unknown god.
  1647 | D:2      | Prayed at the altar of an unknown god.
  1647 | D:2      | Became a worshipper of Jiyva Juptexex the Shapeless
  1647 | D:2      | Reached * piety under Jiyva
  1732 | D:2      | Reached XP level 4. HP: 33/44 MP: 4/4
  1875 | D:2      | Found Durrena's Weapon Shop.
  2233 | D:3      | Noticed Terence
  2243 | D:3      | Killed Terence
  2244 | D:3      | Reached skill level 5 in Maces & Flails
  2244 | D:3      | Reached XP level 5. HP: 20/50 MP: 5/5
  2359 | D:3      | Reached ** piety under Jiyva
  2860 | D:4      | Noticed a phantom
  2907 | D:3      | Killed a phantom
  2908 | D:3      | Reached skill level 6 in Maces & Flails
  2908 | D:3      | Reached XP level 6. HP: 29/59 MP: 6/6
  2967 | D:4      | Found an opulent altar of Gozag.
  3054 | D:4      | Reached *** piety under Jiyva
  3189 | D:4      | Found a runed translucent gate.
  3190 | D:4      | Found a runed translucent gate.
  3192 | D:4      | Found a runed translucent gate.
  3237 | D:4      | Noticed Pikel
  3261 | D:4      | Slain by Pikel

Illustrated notes

Levels and vault maps discovered:
D:1:      dpeg_arrival_arbitrary_a, layout_loops_ring, serial_bayou_lagoon_b
D:2:      layout_basic, serial_shops, nicolae_shop_bloodbath_and_beyond,
          basic_altar, ebering_ecumenical_altar_petrified, grunt_ministairs_15,
          nrook_mini_vaults
D:3:      layout_basic, uniq_terence
D:4:      layout_rooms, mainiacjoe_overflow_cross_hatched, gammafunk_ghost_icy,
          guppyfry_early_lair_pool, uniq_pikel, uniq_blork_the_orc,
          uniq_crazy_yiuf_cottage, uniq_menkaure

Skill      XL: |  1  2  3  4  5 |
---------------+----------------+-----
Maces & Flails | 3 4 5 6 |  6.6
Fighting       | |  2.6
Throwing       | |  2.0
Dodging        | |  2.6

Action                     |  1- 3 |  4- 6 || total
---------------------------+-------+-------++-------
  Melee: Flail             |    99 |       ||    99
         Short sword       |    21 |   191 ||   212
         Punch             |     1 |     2 ||     3
  Throw: Throwing net      |       |     1 ||     1
   Stab: Sleeping          |     1 |     1 ||     2
 Armour: Robe              |    25 |    35 ||    60
  Dodge: Dodged            |    62 |   100 ||   162
